 Dungeon Crawl Stone Soup version 0.30-a0-743-gbfdf073431 (webtiles) character file.

Game seed: 9550622128629996618

49 oldriver the Shooter (level 4, -1/38 HPs)
             Began as a Meteoran Hunter on Feb 7, 2023.
             Slain by a goblin
             ... wielding a +0 club
             ... led by Robin
              (2 damage)
             ... on level 2 of the Dungeon.
             The game lasted 00:03:10 (724 turns).

oldriver the Shooter (Meteoran Hunter)               Turns: 724, Time: 00:03:11

Health: -1/38      AC:  4    Str: 13    XL:     4   Next: 22%
Magic:  5/5        EV: 12    Int: 10    God:
Gold:   57         SH:  0    Dex: 19    Spells: 3/3 levels left

rFire   . . .      SeeInvis .    a - +0 shortbow
rCold   . . .      Faith    .    (shield currently unavailable)
rNeg    . . .      Spirit   .    c - +1 leather armour
rPois   .          Reflect  .    (no helmet)
rElec   .          Harm     .    (no cloak)
rCorr   .          Rampage  .    (no gloves)
Will    .....                    (no boots)
Stlth   +                        (no amulet)
HPRegen 0.26/turn                (no ring)
MPRegen 0.09/turn                (no ring)

@: brilliant, attractive, glowing, invisible (but backlit and visible)
A: sense surroundings 1, otherworldly, glowing, explore regen
a: no special abilities


You were on level 2 of the Dungeon.
You visited 1 branch of the dungeon, and saw 2 of its levels.

You collected 57 gold pieces.

Inventory:

Hand Weapons
 a - a +0 shortbow (weapon)
 j - a +0 sling
Armour
 c - a +1 leather armour (worn)
Wands
 e - a wand of light (8)
 g - a wand of mindburst (14)
Scrolls
 b - a scroll of immolation
 m - a scroll of identify {unknown}


   Skills:
 + Level 3.0 Fighting
 * Level 5.4 Ranged Weapons
 - Level 2.4 Dodging
 - Level 0.6 Stealth


You had 3 spell levels left.
You didn't know any spells.
Your spell library was empty.

Dungeon Overview and Level Annotations

Branches:
Dungeon (2/15) Zot: 439

Altars:

Shops:
D:1 :

Annotations:
D:2 Robin


Innate Abilities, Weirdness & Mutations

You passively map a small area around you.
You are easily found by Zot.
You glow in the dark.
You regain HP and MP as you explore.


Message History

* * * LOW HITPOINT WARNING * * *
The goblin hits you but does no damage. The goblin hits you with a +0 club.
* * * LOW HITPOINT WARNING * * *
Robin is attracted toward you. The hobgoblin is attracted toward you.
You shoot an arrow. The arrow hits the goblin.
The goblin is severely wounded.
The goblin closely misses you.
Robin says, "Kneel, worm!"
The goblin barely misses you. The goblin attacks as you move away!
The goblin misses you. The hobgoblin is attracted toward you.
You feel better. The goblin closely misses you.
The goblin hits you with a +0 club.
* * * LOW HITPOINT WARNING * * *
The air fills with toxic fumes!
As you read the scroll labelled XECZAU TEUCEG, it crumbles to dust.
It was a scroll of poison.
The goblin hits you with a +0 club.
* * * LOW HITPOINT WARNING * * *
The goblin closely misses you.
Okay, then.
As you read the scroll labelled QIHEAD JIYCIFRIM, it crumbles to dust.
The scroll dissolves into smoke.
It was a scroll of fog.
The goblin hits you with a +0 club.
* * * LOW HITPOINT WARNING * * *
The goblin barely misses you.
As you read the scroll labelled UNEDWA DIUKIS, it crumbles to dust.
It is a scroll of enchant armour.
Your +0 leather armour glows green for a moment.
The goblin hits you with a +0 club.
* * * LOW HITPOINT WARNING * * *
The goblin misses you.
Aiming: Bolt of Light
Press: ? - help, Shift-Dir - straight line, f - Robin, p - goblin
Aim: Robin, wielding a +0 club, wearing a +0 animal skin and wearing a +0 helmet (blue smoke, 79% to hit)
The bolt of light hits the goblin!!
You kill the goblin!
The bolt of light hits Robin!
Robin is almost dead.
Robin is blinded.
The goblin hits you with a +0 club.
You die...

#..# #..# ,..* * ,
#..#....# §§# * *
........# #.#.§§§ * ,
...#.#### #§#.#§# ,, ,
.#.#.# #§#.#§# ****
.#.# # #§§§#§# . *
.#.# **
##§§§#§#######....
.#.. .
#§§§§§g§gg.)......
....,
..####...#@#######...)
* ####. ...§§§§§§§§###
* ,. ...§§§§§§§§§.#
*,, ####§§§§§##§# * ,
, ##§§§## §# , **
##§§###.## , * *
#§§...... ,, , ,
#§#######
#############.#


You could see Robin (blind) and a goblin (strong).

Vanquished Creatures
  2 dart slugs (D:1)
  4 bats
  An endoplasm (D:1)
  7 goblins
  8 hobgoblins
  4 jackals (D:1)
  3 quokkas
  2 ball pythons (D:1)
  2 frilled lizards (D:1)
  2 kobolds
  5 rats
40 creatures vanquished.

Vanquished Creatures (others)
  4 plants (D:1)
4 creatures vanquished.

Grand Total: 44 creatures vanquished

Notes
Turn   | Place    | Note
-------+----------+-------------------------------------------
     0 | D:1      | oldriver the Meteoran Hunter began the quest for the Orb.
     0 | D:1      | Reached XP level 1. HP: 17/17 MP: 2/2
    51 | D:1      | Found a faded altar of an unknown god.
    60 | D:1      | Reached XP level 2. HP: 24/25 MP: 3/3
   277 | D:1      | Reached XP level 3. HP: 29/30 MP: 4/4
   357 | D:1      | Reached skill level 5 in Ranged Weapons
   435 | D:1      | Found Xacs's Book Boutique.
   474 | D:1      | Glimpsed the power of Zot.
   695 | D:2      | Noticed Robin
   697 | D:2      | Reached XP level 4. HP: 35/37 MP: 5/5
   723 | D:2      | HP: 1/38 [goblin/+0 club[Robin] (3)]
   724 | D:2      | Slain by a goblin

Illustrated notes

Levels and vault maps discovered:
D:1:      minmay_arrival_five_plusses, layout_basic,
          hellmonk_ecumenical_altar_lost_god, serial_shops, shop,
          serial_bayou_pond_c
D:2:      layout_loops_ring, uniq_terence, uniq_robin

Skill      XL: |  1  2  3  4 |
---------------+-------------+-----
Ranged Weapons | 5 |  5.4
Fighting       | 3 |  3.0
Dodging        | |  2.4
Stealth        | |  0.6

Action                     |  1- 3 |  4- 6 || total
---------------------------+-------+-------++-------
   Fire: Shortbow          |    93 |    15 ||   108
  Evoke: Wand              |       |     1 ||     1
    Use: Potion            |       |     5 ||     5
         Scroll            |       |     3 ||     3
 Armour: Leather armour    |    17 |     5 ||    22
  Dodge: Dodged            |    41 |    16 ||    57

Table legend: (Time is in decaauts)
 A = Elapsed time spent in this place.
 B = Non-inter-level travel time spent in this place.
 C = Inter-level travel time spent in this place.
 D = Time resting spent in this place.
 E = Time spent auto-exploring this place.
 F = Levels seen in this place.
 G = Mean time per level.
                   A        B        C        D        E       F      G
               +--------+--------+--------+--------+--------+-----+--------+
         Total |    759 |    759 |      0 |      0 |      0 |   2 |  379.5 |
       Dungeon |    759 |    759 |      0 |      0 |      0 |   2 |  379.5 |
               +--------+--------+--------+--------+--------+-----+--------+

Top non-repeatable levels by time:
     D:1: 515 daAuts
     D:2: 244 daAuts
